Map: Oceanborn LE

Players

Shmeeg - Winner!

  • Race: Terran Terran
  • Spawn Location: 5:00

Izotop

  • Race: Terran Terran
  • League: Master
  • Spawn Location: 11:00

VOD

Have the link to the VOD?

Description

Time

  • Played on: Aug. 25, 2024, 8:45 a.m.
  • Length: 7:18
Show
View Real Time Build Order
Export as new Build Order

Shmeeg Terran - Winner!

Build Orders: Reaper Expand 

Get SALT Encoding   

  12  0:00  SCV  
  13  0:12  SCV  
  14  0:17  Supply Depot  
  14  0:24  SCV  
  15  0:39  SCV  
  15  0:40  Barracks  
  16  0:44  Refinery  
  16  0:51  SCV  
  17  1:03  SCV  
  18  1:15  SCV  
  19  1:28  Reaper, Orbital Command  
  20  1:42  Command Center  
  20  1:54  SCV  
  20  1:58  Supply Depot  
  20  1:59  Marine  
  22  2:07  Factory  
  23  2:08  SCV  
  22  2:20  SCV, Bunker  
  22  2:22  Barracks Reactor  
  23  2:34  SCV  
  24  2:37  Refinery  
  24  2:46  SCV  
  27  2:51  Hellion  
  27  2:55  Orbital Command  
  28  2:58  SCV  
  28  3:00  Starport  
  28  3:03  Marine  
  29  3:06  Marine  
  29  3:10  SCV  
  31  3:13  Cyclone  
  33  3:22  SCV x2  
  33  3:23  Marine  
  36  3:27  Marine  
  36  3:34  SCV x2  
  38  3:37  Starport Reactor  
  38  3:38  Viking  
  41  3:43  Marine  
  41  3:44  Supply Depot  
  41  3:45  Factory Tech Lab  
  41  3:46  SCV  
  41  3:47  Marine  
  44  3:48  SCV  
  44  3:53  Supply Depot  
  45  3:58  SCV  
  46  4:05  Marine x2  
  46  4:06  SCV, Refinery  
  46  4:07  Siege Tank  
  46  4:09  Starport Tech Lab  
  52  4:14  SCV  
  53  4:18  SCV, Supply Depot  
  53  4:23  Marine x2  
  56  4:27  SCV  
  57  4:31  SCV  
  57  4:33  Raven  
  60  4:39  SCV, Supply Depot  
  60  4:40  Supply Depot  
  60  4:41  Marine  
  60  4:42  Marine  
  60  4:43  SCV  
  64  4:47  Siege Tank  
  64  4:51  SCV  
  68  4:55  SCV  
  68  4:59  Marine  
  70  5:01  Marine  
  70  5:02  Supply Depot  
  70  5:03  SCV  
  72  5:08  SCV  
  72  5:10  Raven  
  75  5:16  SCV, Command Center  
  75  5:18  Marine  
  75  5:19  Marine  
  78  5:24  Siege Tank, SCV  
  81  5:36  SCV x2  
  81  5:41  Barracks x2  
  81  5:42  Marine x2, Refinery  
  85  5:49  Engineering Bay  
  85  5:50  Engineering Bay  
  85  5:51  SCV  
  85  5:52  SCV  
  87  5:57  Starport Reactor  
  87  5:59  Siege Tank  
  87  6:03  SCV  
  91  6:04  Supply Depot  
  91  6:06  Marine x2  
  91  6:07  Supply Depot  
  91  6:09  SCV  
  94  6:26  SCV x2, Marine x2  
  94  6:28  Barracks Tech Lab x2  
  94  6:31  Cyclone  
  100  6:35  Viking x2  
  100  6:38  SCV, Missile Turret  
  100  6:39  Missile Turret  
  105  6:51  Marine x4  
  109  6:55  SCV x2  
Show
View Real Time Build Order
Export as new Build Order

Izotop Terran 

Build Orders:  

Get SALT Encoding   

  12  0:01  SCV  
  13  0:16  Supply Depot  
  13  0:18  SCV  
  14  0:30  SCV, Refinery  
  15  0:43  SCV  
  16  0:59  Barracks  
  16  1:00  SCV  
  17  1:12  SCV  
  18  1:24  SCV, Refinery  
  19  1:36  SCV  
  20  1:44  Supply Depot  
  20  1:50  Factory  
  20  1:51  Marine  
  21  1:56  Orbital Command  
  20  2:33  Marine  
  21  2:49  Starport  
  21  2:50  Factory Tech Lab  
  21  2:51  Marine  
  21  2:57  Command Center  
  22  3:09  Siege Tank, Marine  
  27  3:20  SCV  
  27  3:26  Marine  
  27  3:32  SCV  
  29  3:35  Supply Depot  
  29  3:44  SCV, Marine  
  31  3:57  SCV  
  31  3:58  Siege Tank  
  31  4:02  Marine  
  36  4:04  Viking  
  38  4:20  Marine  
  39  4:32  SCV  
  40  4:44  SCV  
  41  5:01  Starport Tech Lab  
  41  5:05  Fusion Core  
  41  5:11  Supply Depot  
  25  5:43  Siege Tank  
  28  5:54  Armory  
  28  5:57  Armory  
  28  5:58  Battlecruiser  
  34  6:06  Marine  
  35  6:12  SCV x2  
  37  6:24  SCV x2, Marine  
  37  6:32  Cyclone  
  38  6:36  SCV x2  
  40  6:41  Supply Depot  
  40  6:42  Marine  
  41  6:48  SCV x2  
Tags
 
League
Master
Matchup
TvT
Race
Terran
Spawn Locations
Cross Positions
Add a new tag
Caveats
  • Supply blocks, unpowered buildings, or Contaminate may cause inaccurate times.
  • Supply counts are checked every 10 seconds.